 Dungeon Crawl Stone Soup version 0.29.1-15-g9cfb28693d (webtiles) character file.

Game seed: 11149535676401848837

158 Silvore the Covered (level 5, -4/47 HPs)
             Began as a Minotaur Fighter on May 2, 2023.
             Slain by a gnoll
             ... wielding a +0 halberd
              (10 damage)
             ... on level 3 of the Dungeon.
             The game lasted 00:03:12 (2162 turns).

Silvore the Covered (Minotaur Fighter)              Turns: 2162, Time: 00:03:12

Health: -4/47      AC:  7    Str: 23    XL:     5   Next: 16%
Magic:  4/4        EV:  9    Int:  5    God:
Gold:   126        SH:  4    Dex:  9    Spells: 4/4 levels left

rFire   + . .      SeeInvis +   a - +0 long sword
rCold   + . .      Faith    .   c - +0 buckler
rNeg    . . .      Spirit   .   b - +0 scale mail
rPois   +          Reflect  .   (helmet restricted)
rElec   +          Harm     .   (no cloak)
rCorr   +          Rampage  .   (no gloves)
Will    .....                   (no boots)
Stlth   ..........              (no amulet)
HPRegen 0.15/turn               e - ring of see invisible
MPRegen 0.09/turn               (no ring)

@: resistant
A: horns 2, retaliatory headbutt
a: no special abilities


You were on level 3 of the Dungeon.
You visited 1 branch of the dungeon, and saw 3 of its levels.

You collected 126 gold pieces.

Inventory:

Hand Weapons
 a - a +0 long sword (weapon)
Armour
 b - a +0 scale mail (worn)
 c - a +0 buckler (worn)
Jewellery
 e - a ring of see invisible (left hand)
 h - a +6 ring of intelligence
Scrolls
 f - a scroll of identify
Potions
 d - 2 potions of might
 g - a potion of mutation
 i - a potion of lignification
 k - a potion of degeneration {unknown}
 l - a potion of curing {unknown}


   Skills:
 + Level 4.4 Fighting
 + Level 4.1 Long Blades
 + Level 4.8 Armour
 + Level 0.8 Dodging
 + Level 0.1 Stealth
 + Level 4.4 Shields


You had 4 spell levels left.
You didn't know any spells.
Your spell library contained the following spells:

 Spells                   Type           Power      Damage    Failure   Level
 Freeze                   Ice            0%         1d3       86%         1
 Confusing Touch          Hex            0%         N/A       99%         3
 Frozen Ramparts          Ice            0%         1d1       99%         3
 Tukima's Dance           Hex            0%         N/A       99%         3
 Passage of Golubria      Tloc           0%         N/A       100%        4
 Silence                  Hex/Air        0%         N/A       100%        5
 Yara's Violent Unravell  Hex/Tmut       0%         3d3       100%        5
 Ozocubu's Refrigeration  Ice            0%         4d7       100%        7


Dungeon Overview and Level Annotations

Branches:
Dungeon (3/15)

Altars:


Innate Abilities, Weirdness & Mutations

You have a pair of horns on your head.
You reflexively headbutt those who attack you in melee.


Message History

The orc barely misses you. You block the orc's attack.
The orc hits you but does no damage. The orc closely misses you.
You furiously retaliate!
You headbutt the orc, but do no damage.
The gnoll hits you from afar with a +0 spear.
The orc attacks as you move away! You block the orc's attack.
You barely miss the orc. The gnoll closely misses you.
The orc hits you with a +0 hand axe. The orc hits you but does no damage.
You closely miss the orc. The gnoll completely misses you.
The orc hits you with a +0 mace. The orc hits you but does no damage.
You slash the orc!
You kill the orc!
The orc hits you with a +0 hand axe.
The gnoll hits you from afar with a +0 spear.
* * * LOW HITPOINT WARNING * * *
A gnoll comes into view. It is wielding a +0 whip.
The gnoll shouts!
The gnoll misses you. The gnoll hits you with a +0 spear.
* * * LOW HITPOINT WARNING * * *
The orc hits you but does no damage.
The gnoll moves out of view.
Things that are here:
a +0 mace; a +0 leather armour; an orc corpse It was a potion of resistance.
You feel protected. The gnoll barely misses you. The orc barely misses you.
An orc comes into view. It is wielding a +0 dagger.
The orc shouts!
You block the hobgoblin's attack. The gnoll closely misses you.
You block the gnoll's attack.
Items here: )) ††.
You hit the gnoll.
The gnoll is lightly wounded.
The hobgoblin barely misses you. The gnoll hits you with a +0 halberd!
* * * LOW HITPOINT WARNING * * *
The gnoll closely misses you. The orc barely misses you.
You furiously retaliate!
You headbutt the orc!
You kill the orc!
You hit the gnoll. Your headbutt misses the gnoll.
The gnoll is moderately wounded.
You block the hobgoblin's attack. The gnoll hits you with a +0 halberd!
You die...

...#..<. .. .. #.### .#
... ... .o# ... ....#
..####.. ... .# #.....#
## .. #.....# ###.
#ggg..# #.. ## #@...##
##.######.
###)g...###.........
#####...8........#######
.......#.._..##.###
#######.$8...#.†#
#..........#
#..........#
#..........#
#..........#


You could see 3 gnolls, an orc and a hobgoblin.

Vanquished Creatures
  Natasha (thrice) (D:2)
  A gnoll (D:3)
  3 adders
  3 orcs (D:3)
  2 ball pythons
  7 bats
  3 endoplasms (D:2)
  5 goblins
  3 hobgoblins
  2 jackals (D:1)
  5 kobolds
  2 quokkas
  4 frilled lizards
  6 rats
49 creatures vanquished.

Notes
Turn   | Place    | Note
-------+----------+-------------------------------------------
     0 | D:1      | Silvore the Minotaur Fighter began the quest for the Orb.
     0 | D:1      | Reached XP level 1. HP: 19/19 MP: 0/0
    87 | D:1      | You fall into a shaft and drop 1 floor!
   132 | D:2      | Reached XP level 2. HP: 17/27 MP: 1/1
  1056 | D:2      | Reached XP level 3. HP: 31/33 MP: 2/2
  1197 | D:2      | Got the Omnibus of Boreal Curses
  1666 | D:2      | Noticed Natasha
  1674 | D:2      | Killed Natasha
  1675 | D:2      | Reached XP level 4. HP: 34/40 MP: 3/3
  1682 | D:2      | Noticed Natasha
  1687 | D:2      | Killed Natasha
  1896 | D:2      | Noticed Natasha
  1908 | D:2      | Killed Natasha
  2127 | D:3      | Found a faded altar of an unknown god.
  2135 | D:3      | Reached XP level 5. HP: 47/47 MP: 4/4
  2162 | D:3      | Slain by a gnoll

Illustrated notes

Levels and vault maps discovered:
D:1:      minmay_arrival_radiant_lines, layout_basic, serial_forest,
          infiniplex_forest_end_1, infiniplex_forest_straight_2,
          infiniplex_forest_straight_2, infiniplex_forest_end_2,
          infiniplex_forest_end_double, infiniplex_forest_end_2,
          infiniplex_forest_straight_4, infiniplex_forest_lined_2,
          infiniplex_forest_straight_1, infiniplex_forest_end_2
D:2:      layout_basic, minmay_tetromino_s2, uniq_natasha
D:3:      layout_rooms, dreamdust_ecumenical_altar_statues,
          minmay_misc_feat_encased

Skill      XL: |  1  2  3  4 |
---------------+-------------+-----
Armour         | 4 |  4.8
Shields        | 4 |  4.4
Fighting       | 4 |  4.4
Long Blades    | 3 4 |  4.1
Dodging        | |  0.8
Stealth        | |  0.1

Action                   |  1- 3 |  4- 6 || total
-------------------------+-------+-------++-------
Melee: Long sword        |    82 |    25 ||   107
       Headbutt          |     7 |     5 ||    12
  Use: Scroll            |     5 |     1 ||     6
       Potion            |       |     1 ||     1
Armor: Scale mail        |    45 |    10 ||    55
Dodge: Dodged            |    55 |    24 ||    79
Block: Buckler           |    21 |     9 ||    30
